 Dungeon Sprint DCSS version 0.28-a0-97-g102d6777a4 (webtiles) character file.

Game seed: 13507594020416627996

91 MikeHunt the Sneak (level 4, -3/21 HPs)
             Began as a Spriggan Artificer on Aug 9, 2021.
             Splashed by an oklob sapling priest's acid (12 damage)
             ... in the Dungeon (Sprint IV: "Fedhas' Mad Dash").
             The game lasted 00:02:52 (173 turns).

MikeHunt the Sneak (Spriggan Artificer)              Turns: 173, Time: 00:02:53

Health: -3/21      AC: -2    Str:  8    XL:     4   Next: 33%
Magic:  5/5        EV: 21    Int: 12    God:
Gold:   49         SH:  0    Dex: 16    Spells: 3/3 levels left

rFire   . . .      SeeInvis +   m - +0 dagger
rCold   . . .      Faith    .   (shield restricted)
rNeg    . . .      Spirit   .   b - +0 robe
rPois   .          Reflect  .   (helmet restricted)
rElec   .          Harm     .   (no cloak)
rCorr   .          Rampage  .   (gloves unavailable)
Will    .....      NoTele   +   (boots unavailable)
Stlth   ++++......              l - amulet of invisibility {+Inv}
HPRegen 0.07/turn               (no ring)
MPRegen 0.09/turn               (no ring)

@: corroded, very quick
A: very small, no large weapons, unfitting armour, see invisible, speed 3
a: Evoke Invisibility


You were in the Dungeon.
You visited 1 branch You collected 49 gold pieces.

Inventory:

Hand Weapons
 a - a +0 club
 m - a +0 dagger (weapon)
Armour
 b - a +0 robe (worn)
Jewellery
 l - the amulet of invisibility (around neck) {+Inv}
   (You found it in the Dungeon)

   [amulet of nothing]

   +Inv:      It lets you turn invisible.
Wands
 c - a wand of flame (2) (quivered)
 d - a wand of charming (15)
Scrolls
 f - a scroll of fear {unknown}
 k - a scroll of blinking
Potions
 g - a potion of heal wounds
 h - a potion of haste
 i - 2 potions of magic
 j - a potion of berserk rage
Miscellaneous
 e - a piece from Xom's chessboard (15/15)


   Skills:
 - Level 0.7 Fighting
 + Level 0.0 Short Blades
 - Level 7.2 Dodging
 - Level 7.8 Stealth
 - Level 7.6 Evocations


You had 3 spell levels left.
You didn't know any spells.
Your spell library was empty.

Dungeon Overview and Level Annotations

Branches:
Dungeon (1/1)

Altars:
Cheibriados
Dithmenos
Elyvilon
Gozag
Hepliaklqana
Kikubaaqudgha
Makhleb
Nemelex Xobeh
Okawaru
Qazlal
Ru
Sif Muna
Trog
Uskayaw
Vehumet
Wu Jian
Xom
Yredelemnul
Zin
The Shining One
Beogh
Jiyva
Lugonu

Annotations:
D exclusion: 2 oklob saplings


Innate Abilities, Weirdness & Mutations

You are very small and have problems with some larger weapons.
You are too small for most types of armour.
You have supernaturally acute eyesight. (SInv)
You cover ground extremely quickly. (Speed+++)


Message History

An oklob sapling comes into view.
Marking area around an oklob sapling as unsafe for travelling.
Found 7 gold pieces.
You close the door.
You open the door.
Found four altars.
An oklob sapling priest comes into view.
Marking area around an oklob sapling as unsafe for travelling.
Found nine altars.
There is an open door here.
Found three altars.
Found two altars.
Found three altars.
The oklob sapling priest looks satisfied for a moment.
Found a radiant altar of Vehumet and a corrupted altar of Lugonu.
There is a burning altar of Makhleb here.
Aiming: Throw Flame
Press: ? - help, Shift-Dir - straight line, f - oklob sapling priest
Aim: an oklob sapling priest (100% to hit)
The puff of flame hits the oklob sapling priest!
The oklob sapling priest is moderately damaged.
The oklob sapling priest looks braver for a moment.
Aiming: Throw Flame
Press: ? - help, Shift-Dir - straight line, f/p - oklob sapling priest
Aim: an oklob sapling priest (moderately damaged, 100% to hit)
The puff of flame hits the oklob sapling priest.
The oklob sapling priest is severely damaged.
The oklob sapling priest spits acid at you.
The splash of acid misses you.
Aiming: Throw Flame
Press: ? - help, Shift-Dir - straight line, f/p - oklob sapling priest
Aim: an oklob sapling priest (severely damaged, 100% to hit)
The puff of flame hits the oklob sapling priest.
The oklob sapling priest is severely damaged.
The oklob sapling priest spits acid at you.
The splash of acid hits you!
Ouch! That really hurt!
The acid corrodes you!
You are splashed with acid!
Ouch! That really hurt!
You die...

########################
#.....#.....#.⌠._._._._.
'.(...'.#...'.._._._._._
#.....#.#...#...@._P_._.
##########+##.._._._._._
+.. #._._._._._. #$P
############ ###


You could see an oklob sapling priest.

Vanquished Creatures
  A scorpion (D)
  An oklob sapling (D)
  A river rat (D)
  A rat (D)
4 creatures vanquished.

Notes
Turn   | Place    | Note
-------+----------+-------------------------------------------
     0 | D        | MikeHunt the Spriggan Artificer began the quest for the
                  | Orb.
     0 | D        | Reached XP level 1. HP: 9/9 MP: 2/2
    10 | D        | Reached skill level 5 in Evocations
    10 | D        | Reached XP level 2. HP: 14/14 MP: 3/3
    22 | D        | Noticed an oklob sapling
    27 | D        | Killed an oklob sapling
    28 | D        | Reached skill level 5 in Dodging
    28 | D        | Reached skill level 5 in Stealth
    28 | D        | Reached XP level 3. HP: 17/17 MP: 4/4
    30 | D        | Noticed a scorpion
    31 | D        | Found the amulet of invisibility {+Inv}
    48 | D        | Killed a scorpion
    49 | D        | Reached XP level 4. HP: 13/21 MP: 5/5
   165 | D        | Found an opulent altar of Gozag.
   165 | D        | Found a hazy altar of Hepliaklqana.
   165 | D        | Found a snail-covered altar of Cheibriados.
   166 | D        | Found a viscous altar of Jiyva.
   166 | D        | Found a burning altar of Makhleb.
   166 | D        | Found a sparkling altar of Nemelex Xobeh.
   166 | D        | Found a sacrificial altar of Ru.
   166 | D        | Found a shimmering blue altar of Sif Muna.
   166 | D        | Found a bloodstained altar of Trog.
   166 | D        | Found an ornate altar of the Wu Jian Council.
   166 | D        | Found a shimmering altar of Xom.
   166 | D        | Found a basalt altar of Yredelemnul.
   167 | D        | Found an iron altar of Okawaru.
   167 | D        | Found a glowing silver altar of Zin.
   167 | D        | Found a shadowy altar of Dithmenos.
   168 | D        | Found a hide-covered altar of Uskayaw.
   168 | D        | Found an ancient bone altar of Kikubaaqudgha.
   169 | D        | Found a stormy altar of Qazlal.
   169 | D        | Found a glowing golden altar of the Shining One.
   169 | D        | Found a white marble altar of Elyvilon.
   170 | D        | Found a radiant altar of Vehumet.
   170 | D        | Found a corrupted altar of Lugonu.
   173 | D        | Splashed by an oklob sapling priest's acid

Illustrated notes

Levels and vault maps discovered:
D:        dungeon_sprint_fedhas [sprint_temple]

Skill      XL: |  1  2  3 |
---------------+----------+-----
Dodging        | 4 5 7 |  7.2
Stealth        | 3 5 7 |  7.8
Evocations     | 5 6 7 |  7.6
Fighting       | |  0.7

Action                   |  1- 3 |  4- 6 || total
-------------------------+-------+-------++-------
Melee: Club              |     6 |       ||     6
Evoke: Wand              |    10 |     3 ||    13
       Piece from Xom's  |     2 |       ||     2
  Use: Potion            |     1 |       ||     1
 Stab: Sleeping          |     1 |       ||     1
Dodge: Dodged            |     8 |     1 ||     9

Table legend: (Time is in decaauts)
 A = Elapsed time spent in this place.
 B = Non-inter-level travel time spent in this place.
 C = Inter-level travel time spent in this place.
 D = Time resting spent in this place.
 E = Time spent auto-exploring this place.
 F = Levels seen in this place.
 G = Mean time per level.
                   A        B        C        D        E       F      G
               +--------+--------+--------+--------+--------+-----+--------+
         Total |    154 |    154 |      0 |     85 |      0 |   1 |  154.0 |
       Dungeon |    154 |    154 |      0 |     85 |      0 |   1 |  154.0 |
               +--------+--------+--------+--------+--------+-----+--------+

Top non-repeatable levels by time:
       D: 154 daAuts
